 Dungeon Crawl Stone Soup version 0.19.0-9-gfd783f2 (webtiles) character file.

44 Jerry the Covered (level 3, 23/23 HPs)
             Began as a Gargoyle Fighter on Nov 7, 2016.
             Quit the game on level 2 of the Dungeon.
             The game lasted 00:03:13 (1450 turns).

Jerry the Covered (Gargoyle Fighter)                Turns: 1450, Time: 00:03:14

Health: 23/23      AC: 10    Str: 19    XL:     3   Next: 62%
Magic:  3/3        EV:  7    Int:  8    God:
Gold:   122        SH:  9    Dex: 10    Spells: 0 memorised, 2 levels left

rFire  . . .     SeeInvis .     a - +0 flail
rCold  . . .     Gourm    .     b - +0 scale mail
rNeg   + . .     Faith    .     c - +0 shield
rPois  ∞         Spirit   .     (no helmet)
rElec  +         Reflect  .     (no cloak)
rCorr  .         Harm     .     (no gloves)
MR     .....                    (no boots)
Stlth  ..........               (no amulet)
                                (no ring)
                                (no ring)

@: no status effects
A: negative energy resistance 1, electricity resistance, unbreathing,
petrification resistance, rot immunity, AC +3
a: no special abilities


You were on level 2 of the Dungeon.
You were not hungry.

You visited 1 branch of the dungeon, and saw 2 of its levels.

You collected 122 gold pieces.

Inventory:

Hand Weapons
 a - a +0 flail (weapon)
Armour
 b - a +0 scale mail (worn)
 c - a +0 shield (worn)
Jewellery
 n - an uncursed ring of positive energy {unknown}
Scrolls
 e - 2 scrolls of fog {unknown}
 j - 2 scrolls of remove curse {unknown}
 l - a scroll of immolation {unknown}
 p - a scroll of enchant weapon {unknown}
 q - a scroll of noise {unknown}
 r - a scroll of amnesia {unknown}
 s - a scroll of teleportation {unknown}
 t - a scroll of recharging {unknown}
 u - a scroll of identify {unknown}
Potions
 d - a potion of might
 g - a potion of curing {unknown}
 k - a potion of magic {unknown}
 m - a potion of haste {unknown}
Comestibles
 f - 2 bread rations
 h - a meat ration
 i - a slice of pizza
 o - a beef jerky
 v - a fruit
 w - 3 chunks of flesh


   Skills:
 - Level 3.2 Fighting
 + Level 2.9 Maces & Flails
 + Level 3.8 Armour
 + Level 3.8 Shields


You had 2 spell levels left.
You didn't know any spells.

Dungeon Overview and Level Annotations

Branches:
Dungeon (2/15)

Altars:
Ru


Innate Abilities, Weirdness & Mutations

You are resistant to torment.
Your stone body is resilient. (AC +3)
You are immune to poison.
You resist negative energy. (rN+)
You are resistant to electric shocks. (rElec)
You can survive without breathing.
You are immune to petrification.
You are immune to rotting.


Message History

The bat hits you but does no damage.
You hit the bat.
You kill the bat!
No target in view!
No target in view!
Eating one of 4 chunks of flesh.
You start eating one of the 4 chunks of flesh.
You are feeling hungry.
This raw flesh tastes terrible.
Found a stone staircase leading down.
There is a stone staircase leading down here.
You see here a dagger.
There is a stone staircase leading up here.
You see here a stone.
Found a scale mail.
You see here a scale mail.
Done exploring.
Done exploring.
Search for what [? for help]? .
Are you sure you want to abandon this character and quit the game? (Confirm with "yes".)

#.....#........# #..#
.....##........# #.##
#..............# #.#
#...[..........###.#
#..#.##............#
..##.#............###
#.......#...........#
#.##.##.#...........#
#.##.##.#.......@####
#.##.#..#........#
.......##........#
......###........#
....#.###........#
....#............#
.................#
....#####.[......#
....# #........#


There were no monsters in sight!

Vanquished Creatures
  An adder (D:2)
  An ooze (D:1)
  A dart slug (D:1)
  A leopard gecko (D:2)
  4 bats
  2 giant cockroaches (D:2)
  4 goblins
  A hobgoblin (D:2)
  A quokka (D:2)
  2 frilled lizards (D:2)
  5 kobolds
  4 rats (D:2)
27 creatures vanquished.

Notes
Turn   | Place    | Note
-------+----------+-------------------------------------------
     0 | D:1      | Jerry the Gargoyle Fighter began the quest for the Orb.
     0 | D:1      | Reached XP level 1. HP: 14/14 MP: 1/1
   477 | D:1      | Reached XP level 2. HP: 19/19 MP: 2/2
   982 | D:2      | Reached XP level 3. HP: 23/23 MP: 3/3
  1226 | D:2      | Found a sacrificial altar of Ru.
  1450 | D:2      | Quit the game

Action                   || total
-------------------------++-------
Melee: Flail             ||    89
 Stab: Invisible         ||     2
       Paralysed         ||     1
  Eat: Chunk             ||     2
Armor: Scale mail        ||    51
Dodge: Dodged            ||    33
Block: Shield            ||    55
